 Dungeon Crawl Stone Soup version 0.30.0-20-g3b4254fcbd (webtiles) character file.

Game seed: 6920214640693600836

121 Peloso the Trooper (level 4, -14/41 HPs)
             Began as a Minotaur Fighter on June 2, 2023.
             Demolished by an orc
             ... wielding a +0 heavy mace
              (18 damage)
             ... on level 3 of the Dungeon.
             The game lasted 00:04:13 (1382 turns).

Peloso the Trooper (Minotaur Fighter)               Turns: 1382, Time: 00:04:14

Health: -14/41     AC: 10    Str: 21    XL:     4   Next: 77%
Magic:  3/3        EV:  8    Int:  5    God:
Gold:   165        SH:  4    Dex: 11    Spells: 3/3 levels left

rFire   . . .        a - +0 long sword
rCold   . . .        d - +0 buckler
rNeg    . . .        c - +0 chain mail
rPois   .            (helmet restricted)
rElec   .            e - +0 cloak
rCorr   .            (no gloves)
SInv    .            (no boots)
Will    .....        (no amulet) Stlth
                     (no ring)
HPRegen 0.26/turn    (no ring)
MPRegen 0.08/turn

%: no passive effects
@: no status effects
A: horns 2, retaliatory headbutt
a: no special abilities


You were on level 3 of the Dungeon.
You visited 1 branch of the dungeon, and saw 4 of its levels.

You collected 165 gold pieces.

Inventory:

Hand Weapons
 a - a +0 long sword (weapon)
Armour
 b - a +0 scale mail
 c - a +0 chain mail (worn)
 d - a +0 buckler (worn)
 e - a +0 cloak (worn)
Wands
 n - a wand of digging (1)
Scrolls
 h - a scroll of poison
 i - a scroll of enchant armour
 j - a scroll of teleportation {unknown}
 l - 2 scrolls of noise {unknown}
 q - a scroll of magic mapping {unknown}
Potions
 f - 2 potions of curing {unknown}
 g - a potion of berserk rage
 k - a potion of ambrosia {unknown}
 m - 4 potions of might
 o - a potion of cancellation {unknown}
 p - a potion of degeneration {unknown}


   Skills:
 + Level 4.7 Fighting
 + Level 3.8 Long Blades
 + Level 4.5 Armour
 + Level 0.8 Dodging
 + Level 4.1 Shields


You had 3 spell levels left.
You didn't know any spells.
Your spell library contained the following spells:

 Spells                   Type           Power      Damage    Failure   Level
 Magic Dart               Conj           0%         1d3       99%         1
 Call Imp                 Summ           0%         N/A       100%        2
 Mephitic Cloud           Conj/Pois/Air  0%         N/A       100%        3
 Animate Dead             Necr           0%         N/A       100%        4
 Cause Fear               Hex            0%         N/A       100%        4
 Borgnjor's Vile Clutch   Necr/Erth      0%         N/A       100%        5
 Death Channel            Necr           0%         N/A       100%        6
 Dragon Form              Tmut           0%         N/A       100%        7
 Dragon's Call            Summ           0%         N/A       100%        9


Dungeon Overview and Level Annotations

Branches:
Dungeon (4/15)
 Temple: D:4-7

Altars:
Fedhas
Trog
Vehumet
Yredelemnul


Innate Abilities, Weirdness & Mutations

You have a pair of horns on your head.
You reflexively headbutt those who attack you in melee.


Message History

You closely miss the adder.
You feel sick.
The endoplasm quivers.
A bat comes into view.
You block the adder's attack.
You barely miss the adder. You headbutt the adder!
You kill the adder!
You feel sick.
The giant cockroach bites you but does no damage.
The orc drinks a potion.
The orc goes berserk!
You block the giant cockroach's attack.
A rat comes into view.
You closely miss the bat.
You feel sick.
You are no longer poisoned.
The bat barely misses you. The bat hits you but does no damage. x2
The giant cockroach bites you but does no damage.
The orc rages.
Unknown command.
You hit the bat.
You kill the bat!
The giant cockroach bites you but does no damage. x2
You block the orc's attack.
Unknown command.
You hit the giant cockroach.
The giant cockroach is almost dead.
You block the giant cockroach's attack. The orc hits you with a +0 heavy mace!
Unknown command.
You hit the giant cockroach.
You kill the giant cockroach!
The orc hits you but does no damage.
The endoplasm jiggles.
You hit the orc.
The orc is moderately wounded.
The orc hits you with a +0 heavy mace!
* * * LOW HITPOINT WARNING * * *
The endoplasm freezes you.
You are frozen.
* * * LOW HITPOINT WARNING * * *
Okay, then.
The orc hits you with a +0 heavy mace!!
You die...

##. ##.. #####
#..###....###
#####
##..#......†J##
..... #.....#
#.Kro.# #####
#....##....##@##
.... ##....#....
#..# ...#
#.....#..# #..#
#..#..#. #..# #
#..#..# #..# #
#..##.## ##.## #
#...#..######..#
#..#
#.#.##........##.
#..#
#.#..###....###..
#..#


You could see an orc (berserk), an endoplasm, a kobold and a rat.

Vanquished Creatures
  Robin (D:2)
  5 adders
  2 dart slugs (D:2)
  5 endoplasms
  A giant cockroach (D:3)
  12 goblins
  5 hobgoblins
  2 jackals (D:1)
  3 quokkas
  4 ball pythons
  5 bats
  3 frilled lizards
  6 kobolds
  3 rats
57 creatures vanquished.

Vanquished Creatures (others)
  A goblin (D:2)
1 creature vanquished.

Grand Total: 58 creatures vanquished

Notes
Turn   | Place    | Note
-------+----------+-------------------------------------------
     0 | D:1      | Peloso the Minotaur Fighter began the quest for the Orb.
     0 | D:1      | Reached XP level 1. HP: 19/19 MP: 0/0
   102 | D:1      | Reached XP level 2. HP: 25/27 MP: 1/1
   462 | D:2      | Reached XP level 3. HP: 32/33 MP: 2/2
   634 | D:2      | Reached XP level 4. HP: 35/41 MP: 3/3
   718 | D:2      | Found a blossoming altar of Fedhas.
   745 | D:2      | Noticed Robin
   750 | D:2      | Killed Robin
   828 | D:2      | You fall into a shaft and drop 2 floors!
   992 | D:3      | Found a bloodstained altar of Trog.
   995 | D:3      | Found a radiant altar of Vehumet.
   996 | D:3      | Found a basalt altar of Yredelemnul.
  1110 | D:3      | Found a faded altar of an unknown god.
  1382 | D:3      | Demolished by an orc

Illustrated notes

Levels and vault maps discovered:
D:1:      lightli_iron_boxes, layout_basic, minmay_pentomino_x2
D:2:      layout_rooms, basic_altar, grunt_decor_mini_mirrors, minmay_vboxes,
          uniq_robin
D:3:      layout_basic, gammafunk_temple_overflow_forgotten,
          nicolae_ecumenical_oubliette, minmay_randomly_rotated_circles
D:4:      layout_basic, uniq_ijyb

Skill      XL: |  1  2  3  4 |
---------------+-------------+-----
Fighting       | 4 |  4.7
Armour         | 4 |  4.5
Shields        | 4 |  4.1
Long Blades    | 3 |  3.8
Dodging        | |  0.8

Action                     |  1- 3 |  4- 6 || total
---------------------------+-------+-------++-------
  Melee: Long sword        |    76 |    50 ||   126
         Headbutt          |    12 |     6 ||    18
    Use: Scroll            |     2 |     2 ||     4
         Potion            |     1 |       ||     1
 Armour: Scale mail        |    48 |     3 ||    51
         Chain mail        |       |    21 ||    21
  Dodge: Dodged            |    27 |    18 ||    45
  Block: Buckler           |    21 |    11 ||    32
